 Dungeon Crawl Stone Soup version 0.25-a0-578-gc91f01c39c (webtiles) character file.

Game seed: 6968868858751140091, levelgen mode: deterministic

65 Esekla the Charlatan (level 3, -3/17 HPs)
             Began as a Spriggan Artificer on Mar 6, 2020.
             Slain by a howler monkey zombie (4 damage)
             ... on level 3 of the Dungeon.
             The game lasted 00:06:42 (1349 turns).

Esekla the Charlatan (Spriggan Artificer)           Turns: 1349, Time: 00:06:43

Health: -3/17      AC:  2    Str:  9    XL:     3   Next: 92%
Magic:  8/8        EV: 19    Int: 14    God:
Gold:   67         SH:  0    Dex: 16    Spells: 2/2 levels left

rFire    . . .     SeeInvis +   a - +0 short sword
rCold    . . .     Gourm    .   (shield restricted)
rNeg     . . .     Faith    .   b - +0 robe
rPois    .         Spirit   .   (helmet restricted)
rElec    .         Reflect  .   (no cloak)
rCorr    .         Harm     .   (gloves unavailable)
MR       .....                  (boots unavailable)
Stlth    ++........             (no amulet)
HPRegen  0.05/turn              h - +2 ring of intelligence
MPRegen  0.11/turn              (no ring)

@: very quick
A: very small, unfitting armour, see invisible, herbivore, speed 3, slow
metabolism 2
a: no special abilities


You were on level 3 of the Dungeon.
You were not hungry.

You visited 1 branch of the dungeon, and saw 3 of its levels.

You collected 67 gold pieces.

Inventory:

Hand Weapons
 a - a +0 short sword (weapon)
Missiles
 s - 3 boomerangs (quivered)
Armour
 b - a +0 robe (worn)
Jewellery
 h - a +2 ring of intelligence (left hand)
Wands
 c - a wand of flame (15)
 d - a wand of enslavement (14)
 e - a wand of random effects (14)
Scrolls
 j - a scroll of random uselessness {unknown}
 k - a scroll of identify {unknown}
 l - a scroll of enchant armour {unknown}
 m - a scroll of teleportation {unknown}
 p - 2 scrolls of remove curse {unknown}
 r - a scroll of magic mapping {unknown}
Potions
 g - a potion of ambrosia {unknown}
 i - 2 potions of heal wounds
 n - a potion of brilliance {unknown}
 o - a potion of stabbing {unknown}
 q - a potion of haste {unknown}
Comestibles
 f - 4 rations


   Skills:
 + Level 0.9 Fighting
 + Level 2.1 Short Blades
 + Level 3.8 Dodging
 + Level 1.6 Stealth
 + Level 5.4 Evocations


You had 2 spell levels left.
You didn't know any spells.
Your spell library was empty.

Dungeon Overview and Level Annotations

Branches:
Dungeon (3/15)

Altars:
Hepliaklqana

Annotations:
D:2 Natasha


Innate Abilities, Weirdness & Mutations

You are very small and have problems with some larger weapons.
You are too small for most types of armour.
You have supernaturally acute eyesight. (SInv)
You are a herbivore.
You cover ground extremely quickly.
You need to consume almost no food.


Message History

You barely miss the howler monkey zombie.
The howler monkey zombie is lightly damaged.
The howler monkey zombie misses you.
You hit the howler monkey zombie.
The howler monkey zombie is moderately damaged.
The howler monkey zombie misses you.
You barely miss the howler monkey zombie.
The howler monkey zombie is moderately damaged.
The howler monkey zombie barely misses you.
You barely miss the howler monkey zombie.
The howler monkey zombie is moderately damaged.
The howler monkey zombie barely misses you.
You hit the howler monkey zombie but do no damage.
The howler monkey zombie is moderately damaged.
The howler monkey zombie hits you.
* * * LOW HITPOINT WARNING * * *
You hit the howler monkey zombie.
The howler monkey zombie is heavily damaged.
The howler monkey zombie hits you.
You die...

.. #####.P.♣♣≈.....
#.####.P..≈.≈♣....r
..#...#....≈♣≈≈♣P....
#..........≈≈≈♣≈♣....
.#.....#♣♣♣≈≈≈≈....
##......≈≈≈≈♣.... .
#....####...≈≈..♣##...
...# ##.†P.ZP..P....#
#. #..#...@....#
.......##...♣.####
....... #.P♣###
....... ##.# .......
#.# ....... #.#
....### #.# .##. #..
##.


You could see a howler monkey zombie.

Vanquished Creatures
  Natasha (D:2)
  2 dart slugs
  A leopard gecko (D:3)
  A giant cockroach (D:1)
  3 goblins (D:1)
  4 hobgoblins
  4 jackals (D:2)
  4 bats
  A frilled lizard (D:1)
  A kobold (D:2)
  3 rats (D:2)
25 creatures vanquished.

Vanquished Creatures (collateral kills)
  An adder (D:2)
  A kobold (D:2)
2 creatures vanquished.

Vanquished Creatures (others)
  14 toadstools (D:2)
14 creatures vanquished.

Grand Total: 41 creatures vanquished

Notes
Turn   | Place    | Note
-------+----------+-------------------------------------------
     0 | D:1      | Esekla the Spriggan Artificer began the quest for the Orb.
     0 | D:1      | Reached XP level 1. HP: 9/9 MP: 4/4
   471 | D:1      | Reached XP level 2. HP: 12/14 MP: 6/6
   717 | D:2      | Reached skill level 5 in Evocations
  1004 | D:2      | Found a hazy altar of Hepliaklqana.
  1015 | D:2      | Noticed Natasha
  1050 | D:2      | Reached XP level 3. HP: 17/17 MP: 7/7
  1085 | D:2      | Killed Natasha
  1147 | D:2      | Noticed Natasha
  1349 | D:3      | Slain by a howler monkey zombie

Levels and vault maps discovered:
D:1:      roderic_crop_circles_arrival_small, layout_basic
D:2:      layout_loops_ring, lemuel_crystal_altar, tgw_fedhas,
          guppyfry_early_orc_mine, uniq_natasha
D:3:      layout_rooms, serial_bayou_pond_a, corexii_item_surrounded_by_moat

Skill      XL: |  1  2  3 |
---------------+----------+-----
Evocations     | 5 |  5.4
Short Blades   | 2 |  2.1
Fighting       | |  0.9
Dodging        | |  3.8
Stealth        | |  1.6

Action                   || total
-------------------------++-------
Melee: Short sword       ||   156
Evoke: Wand              ||     2
  Use: Potion            ||     1
Armor: Robe              ||    10
Dodge: Dodged            ||   148

Table legend:
 A = Non-vault XP
 B = Vault XP
 C = Vault XP percentage of total XP
 D = Non-vault monster count
 E = Vault monster count
 F = Vault count percentage of total count
                 A         B        C        D         E       F
            +---------+---------+-------+---------+---------+-------
      Total |      57 |      36 |  38.7 |      26 |       1 |   3.7
            +---------+---------+-------+---------+---------+-------
        D:1 |      18 |       0 |   0.0 |       9 |       0 |   0.0
        D:2 |      34 |      36 |  51.4 |      15 |       1 |   6.2
        D:3 |       5 |       0 |   0.0 |       2 |       0 |   0.0
            +---------+---------+-------+---------+---------+-------
